AoeStats
← [ExIT] Sawyer

Glade

510824469Analyzed
1v1 RM · 18h ago on Oct 2, 2026· 35m 45s· 2 players
Game mode
Random Map
Map size
Tiny (2 player)
Population
200
Speed
Normal
Resources
Standard
Victory
Conquest
Starting age
Dark Age
Ending age
Imperial Age
RankedLock teamsTeams togetherTeam positionsShared explorationLock speedFull tech treeHidden civsTurbo modeCheats
Victory
Defeat
🇩🇪 Saxons · Germany
1372
+17
1404
-17
[ExIT] Sawyer
6:08 Loom
9:34 Feudal Age
10:53 Double-Bit Axe
10:49 Horse Collar
17:51 Castle Age
16:20 Fletching
17:51 Padded Archer Armor
18:03 Elite Skirmisher
28:34 Wheelbarrow
27:45 Town Watch
29:46 Bow Saw
29:39 Heavy Plow
29:58 Arson
30:14 Squires
34:20 Imperial Age
33:24 Ballistics
33:07 Scale Mail Armor
33:18 Forging
34:03 Chain Mail Armor
35:52 Iron Casting
36:20 Plate Mail Armor
[NC] Mario "Kuroro" Miranda
6:34 Loom
9:35 Feudal Age
10:40 Double-Bit Axe
11:25 Fletching
18:05 Padded Archer Armor
21:43 Castle Age
19:54 Horse Collar
20:45 Gold Mining
21:56 Scale Barding Armor
22:01 Forging
22:14 Bloodlines
22:49 Bodkin Arrow
22:50 Crossbowman
24:01 Husbandry
25:24 Leather Archer Armor
26:25 Bow Saw
29:07 Ballistics
29:57 Chain Barding Armor
29:47 Forging
29:41 Light Cavalry
32:53 Wheelbarrow
34:21 Iron Casting
35:02 Thumb Ring
Connection lost

Rejoining the realm…

Still unreachable

The connection could not be restored.

Session expired

The server has moved on; the page needs a fresh start.